 Dungeon Crawl Stone Soup version 0.17-a0-1582-ge6b0260 (console) character file.

1245 Monkaria the Cleaver (level 8, 0/72 HPs)
             Began as a Deep Dwarf Berserker on July 27, 2015.
             Was a Believer of Trog.
             Slain by a water moccasin (4 damage)
             ... on level 5 of the Dungeon.
             The game lasted 00:11:17 (4203 turns).

Monkaria the Cleaver (Deep Dwarf Berserker)         Turns: 4203, Time: 00:11:17

Health: 0/72       AC: -3    Str: 24    XL:     8   Next: 25%
Magic:  7/7        EV: 12    Int:  7    God:    Trog [**....]
Gold:   338        SH:  0    Dex: 12    Spells: 0 memorised, 7 levels left

rFire  . . .     SeeInvis .     a - +0 hand axe
rCold  + . .     Clarity  +     b - +0 animal skin
rNeg   . . .     SustAt   .     (no shield)
rPois  .         Gourm    .     (no helmet)
rElec  .         Spirit   .     j - +0 cloak
rCorr  .         Warding  .     f - +0 pair of gloves
rMut   .         Stasis   .     (no boots)
MR     +....                    k - amulet of clarity
Stlth  +.........               (no ring)
                                s - ring of protection from cold

@: lethally poisoned (0 -> 0), corroded equipment, non-regenerating, somewhat
resistant to hostile enchantments, very unstealthy
A: damage resistance, recharge devices, sense surroundings 1, slow healing 3
a: Device Recharging, Burn Spellbooks, Berserk, Trog's Hand, Renounce Religion


You were on level 5 of the Dungeon.
You worshipped Trog.
Trog was pleased with you.
You were not hungry.

You visited 1 branch of the dungeon, and saw 5 of its levels.
You also visited: Sewer.

You collected 338 gold pieces.

Inventory:

Hand weapons
 a - a +0 hand axe (weapon)
 G - a +0 blowgun
Missiles
 C - 50 poisoned needles
Armour
 b - a +0 animal skin (worn)
 f - a +0 pair of gloves (worn)
 j - a +0 cloak (worn)
Jewellery
 k - an amulet of clarity (around neck)
 s - a ring of protection from cold (left hand)
 t - an uncursed ring of protection from cold
Magical devices
 c - a wand of heal wounds (2)
 q - a wand of slowing (6)
Scrolls
 i - 4 scrolls of teleportation
 l - 5 scrolls of remove curse
 o - 3 scrolls of fear
 r - a scroll of noise
 v - a scroll of fog
 y - 5 scrolls of identify
Potions
 e - a potion of poison {unknown}
 h - 3 potions of agility {unknown}
 m - 3 potions of curing
 n - a potion of magic
 p - 4 potions of flight
 u - a potion of resistance {unknown}
 w - a potion of heal wounds {unknown}
 x - a potion of brilliance {unknown}
 z - a potion of berserk rage {unknown}
 F - a potion of haste {unknown}
Books
 B - a book of the Tempests

   Spells                             Type                      Level
   a - Static Discharge               Conjuration/Air              3
   b - Lightning Bolt                 Conjuration/Air              5
   c - Fireball                       Conjuration/Fire             5
   d - Tornado                        Air                          9
   e - Shatter                        Earth                        9
   Trog disapproves of the use of such an item.
Comestibles
 d - 4 bread rations
 g - 4 beef jerkies
 A - 2 meat rations
 D - 4 fruits


   Skills:
 - Level 4.0 Fighting
 - Level 10.3 Axes
 + Level 3.5 Armour
 - Level 2.1 Dodging


You had 7 spell levels left.
You didn't know any spells.

Dungeon Overview and Level Annotations

Branches:
Dungeon (5/15)
 Temple: D:4-7

Altars:
Trog


Innate Abilities, Weirdness & Mutations

You are resistant to damage.
You can recharge devices by infusing magical energy.
You passively map a small area around you.
You do not heal naturally.


Message History

You are too injured to fight recklessly!
You are too injured to fight recklessly!
You are too injured to fight recklessly!
Use which ability? (? or * to list)
Your skin crawls.
You feel resistant to hostile enchantments.
You feel slightly more hungry. The jelly hits you.
* * * LOW HITPOINT WARNING * * *
You are splashed with acid!
The acid corrodes you!
The acid burns!
* * * LOW HITPOINT WARNING * * *
The jelly closely misses you.
You feel the effects of Trog's Hand fading.
The jelly hits you.
You are splashed with acid!
The acid burns!
* * * LOW HITPOINT WARNING * * *
Your skin stops crawling.
You feel less resistant to hostile enchantments.
The water moccasin bites you!
* * * LOW HITPOINT WARNING * * *
The water moccasin bites you.
You die...

...........# #.#
##+#####...# #.#
.......#...##########.##
.......#...............#
.......#...##########..#
.......#...#####.g.g...#
...............#.####.##
.#.#####...###.#J####.#
...#####........@S....#
...........###.#.######
#.>#####...# #.#.# ** *
* ##.#
#................,* #.#
##..###.#.##.#### #.#
..# #)#%#* # #.# # ...
#.# ### , #.#* *


You could see a water moccasin, a jelly and a hobgoblin.

Vanquished Creatures
  The ghost of Tyryt0 the Stinger, an average DgWn (D:4)
  The ghost of Chiseanne the Magician, an average DsWn (Sewer)
  4 ogres
  2 scorpions (D:4)
  2 orc priests (D:3)
  An iguana (D:4)
  A merfolk avatar (Sewer)
  A worker ant (D:4)
  A siren (Sewer)
  3 river rats
  15 adders
  4 gnolls
  3 oozes
  2 worms
  6 giant geckos
  6 orcs (D:3)
  10 bats
  9 giant cockroaches
  7 goblins
  10 hobgoblins
  A quokka (D:3)
  5 ball pythons
  A ball python skeleton (D:4)
  12 giant newts
  5 jackals
  10 kobolds
  34 rats
157 creatures vanquished.

Notes
Turn   | Place    | Note
--------------------------------------------------------------
     0 | D:1      | Monkaria the Deep Dwarf Berserker began the quest for the Orb.
     0 | D:1      | Reached XP level 1. HP: 20/20 MP: 1/1
   219 | D:1      | Reached XP level 2. HP: 17/28 MP: 2/2
   556 | D:1      | Acquired Trog's second power
   653 | D:1      | Reached XP level 3. HP: 8/36 MP: 3/3
   837 | D:2      | Reached skill level 4 in Fighting
  1301 | D:3      | Reached XP level 4. HP: 31/44 MP: 4/4
  1309 | D:3      | Reached skill level 5 in Axes
  1384 | D:3      | Found a bloodstained altar of Trog.
  1384 | D:3      | Noticed an ogre
  1391 | D:3      | Reached XP level 5. HP: 37/50 MP: 5/5
  1400 | D:3      | Killed an ogre
  1400 | D:3      | Reached skill level 6 in Axes
  1779 | D:3      | Reached XP level 6. HP: 45/57 MP: 6/6
  2227 | D:3      | Reached skill level 7 in Axes
  2353 | D:4      | Found a glowing drain.
  2362 | D:4      | Reached skill level 8 in Axes
  2362 | D:4      | Reached XP level 7. HP: 32/64 MP: 7/7
  2381 | Sewer    | Entered a sewer
  2436 | Sewer    | Noticed Chiseanne's ghost (average DsWn)
  2464 | Sewer    | Killed Chiseanne's ghost
  2784 | Sewer    | Reached skill level 9 in Axes
  2875 | Sewer    | Noticed a drowned soul
  2877 | Sewer    | Noticed a drowned soul
  2877 | Sewer    | Noticed a drowned soul
  2877 | Sewer    | Killed a drowned soul
  2878 | Sewer    | Noticed a drowned soul
  2878 | Sewer    | Killed a drowned soul
  2879 | Sewer    | Killed a drowned soul
  2880 | Sewer    | Noticed a drowned soul
  2880 | Sewer    | Killed a drowned soul
  2881 | Sewer    | Noticed a drowned soul
  2882 | Sewer    | Noticed a drowned soul
  2882 | Sewer    | Noticed a drowned soul
  2882 | Sewer    | Killed a drowned soul
  2887 | Sewer    | Killed a drowned soul
  3225 | D:4      | Noticed Tyryt0's ghost (average DgWn)
  3243 | D:4      | Killed Tyryt0's ghost
  3243 | D:4      | Reached skill level 10 in Axes
  3243 | D:4      | Reached XP level 8. HP: 49/72 MP: 8/8
  3433 | D:4      | HP: 3/72 [gnoll/halberd (5)]
  4009 | D:5      | Entered Level 5 of the Dungeon
  4203 | D:5      | Slain by a water moccasin

Vault maps used:
D:1:      dpeg_cavernosity
D:3:      wad_crossroads, lemuel_doored_altar
D:4:      serial_bayou, serial_bayou_lake_a, serial_bayou_lagoon_b,
          serial_bayou_crossing, serial_bayou_shore_b, portal_sewer_entry_a,
          first_bread
Sewer:    sewer_sea

Action                   |  1- 3 |  4- 6 |  7- 9 || total
-------------------------+-------+-------+-------++-------
Melee: Hand axe          |   137 |   157 |   284 ||   578
Invok: Trog's Hand       |     2 |     6 |    13 ||    21
       Berserk           |     1 |     3 |     7 ||    11
 Abil: Device Recharging |       |       |     1 ||     1
Evoke: Wand              |     1 |     4 |     3 ||     8
  Use: Scroll            |       |     9 |     2 ||    11
 Stab: Sleeping          |     1 |     2 |     1 ||     4
  Eat: Chunk             |     2 |     8 |    15 ||    25
       Fruit             |       |       |     1 ||     1
